 Dungeon Crawl Stone Soup version 0.20.1-1-g8b1a95d (console) character file.

4370 Kloppie the Grappler (level 10, -2/81 HPs)
             Began as a Ghoul Fighter on July 22, 2017.
             Was a Priest of Hepliaklqana.
             Killed from afar by an electric eel (7 damage)
             ... with a bolt of electricity
             ... on level 9 of the Dungeon.
             The game lasted 00:09:44 (5996 turns).

Kloppie the Grappler (Ghoul Fighter)                Turns: 5996, Time: 00:09:45

Health: -2/81      AC: 14    Str: 27    XL:     10   Next: 34%
Magic:  9/9        EV:  7    Int:  3    God:    Hepliaklqana [***...]
Gold:   259        SH:  0    Dex: 11    Spells: 9/9 levels left

rFire    . . .     SeeInvis .     - Unarmed
rCold    + . .     Gourm    .   (no shield)
rNeg     + + +     Faith    +   a - +0 plate armour
rPois    ∞         Spirit   .   p - +0 helmet of Wrong Decisions {Str+4}
rElec    .         Reflect  .   (no cloak)
rCorr    .         Harm     .   (no gloves)
MR       .....                  (no boots)
Stlth    ..........             o - amulet of faith
Regen    0.0/turn               q - +2 ring of strength
MPRegen  0.2/turn               r - ring of flight

@: rotting
A: rotting body, reduced essence, claws 1, carnivore 3, cold resistance 1,
negative energy resistance 3, inhibited regeneration, torment resistance,
unbreathing
a: Recall Ancestor, Ancestor Identity, Transference, Renounce Religion, Evoke
Flight


You were on level 9 of the Dungeon.
You worshipped Hepliaklqana.
Hepliaklqana was most pleased with you.
You were hungry.

You visited 1 branch of the dungeon, and saw 9 of its levels.

You collected 463 gold pieces.
You spent 204 gold pieces at shops.

Inventory:

Hand Weapons
 v - a +0 morningstar of flaming
Armour
 a - a +0 plate armour (worn)
 b - a +0 shield
 p - the +0 helmet of Wrong Decisions (worn) {Str+4}
   (You took it off Robin on level 3 of the Dungeon)

   It affects your strength (+4).
Jewellery
 o - an amulet of faith (around neck)
 q - a +2 ring of strength (left claw)
 r - a ring of flight (right claw)
Wands
 c - a wand of random effects (25/48)
 i - a wand of enslavement (24/24)
Scrolls
 e - a scroll of blinking
 g - 3 scrolls of remove curse
 k - 3 scrolls of teleportation
 u - a scroll of fear
 w - a scroll of amnesia
 x - a scroll of identify
Potions
 f - a potion of brilliance
 j - 3 potions of flight
 l - a potion of magic
 m - 7 potions of curing
 n - 2 potions of agility
 s - a potion of invisibility
Comestibles
 d - 7 meat rations
 z - 2 royal jellies
 A - 8 chunks of flesh


   Skills:
 + Level 8.7 Fighting
 - Level 7.3 Armour
 - Level 2.6 Shields
 + Level 11.5 Unarmed Combat


You had 9 spell levels left.
You didn't know any spells.

Dungeon Overview and Level Annotations

Branches:
Dungeon (9/15)             Temple (0/1) D:5            Lair (0/6) D:8
    Orc: D:9-12

Altars:
Ashenzari
Elyvilon
Fedhas
Gozag
Hepliaklqana
Kikubaaqudgha

Shops:
D:2 *   D:5 *%*   D:8 :


Innate Abilities, Weirdness & Mutations

Your body is rotting away.
You thrive on raw meat.
You are immune to poison.
You have sharp fingernails.
You are carnivorous and can eat meat at any time.
Your flesh is cold resistant. (rC+)
You are immune to negative energy. (rN+++)
You do not regenerate when monsters are visible.
You are immune to unholy pain and torment.
You can survive without breathing.
Your life essence is reduced to manifest your ancestor. (-10% HP)


Message History

The electric eel dies!
Found a scroll labeled FOCLIG FIKOD.
You enter the shallow water.
Moving in this stuff is going to be slow.
The electric eel shoots out a bolt of lightning at you!
The bolt of electricity hits you!
* * * LOW HITPOINT WARNING * * *
The bolt of electricity hits you!
* * * LOW HITPOINT WARNING * * *
The bolt of electricity hits the electric eel.
The electric eel completely resists.
You are too injured to fight recklessly!
You are too injured to fight recklessly!
You are too injured to fight recklessly!
You are too injured to fight recklessly!
The electric eel shoots out a bolt of lightning at you!
The bolt of electricity hits Octavia.
The bolt of electricity hits you!
* * * LOW HITPOINT WARNING * * *
The bolt of electricity hits you!
You die...

#. ... ≈ ######
...? ≈≈≈ ♣...<#
.....
≈≈P≈♣P♣#.#......
≈≈≈≈PP≈≈@.......
PP≈≈≈≈PR♣#......
≈≈≈≈≈≈;P# ######
.≈P≈≈♣≈##
.....## .... ≈..
≈


You could see the friendly Octavia the knight and an electric eel.

Vanquished Creatures
  The ghost of Peloso the Carver, a novice MiFi of Okawaru (D:8)
  Pikel (D:8)
  The ghost of Heedrag the Changer, a novice VSTm (D:5)
  Sigmund (D:2)
  2 hell hounds (D:8)
  A sky beast (D:6)
  An ice beast (D:6)
  A necrophage (D:7)
  An eye of draining (D:8)
  2 ogres (D:6)
  2 centaurs
  A phantom (D:8)
  2 big kobolds
  A crocodile (D:8)
  4 bullfrogs
  3 scorpions
  A crimson imp (D:6)
  A jelly (D:6)
  2 bullfrog skeletons (D:6)
  5 orc priests
  3 hounds
  2 iguanas (D:6)
  3 orc wizards
  5 worker ants
  A hound skeleton (D:7)
  Robin (D:3)
  7 adders
  A howler monkey skeleton (D:6)
  2 oozes (D:1)
  3 adder zombies
  An adder skeleton (D:6)
  3 worms
  12 orcs
  3 ball pythons
  7 bats
  5 giant cockroaches
  4 hobgoblins (D:3)
  9 jackals
  3 quokkas
  4 frilled lizards
  17 goblins
  12 kobolds
  A leopard gecko skeleton (D:4)
  5 rats
148 creatures vanquished.

Vanquished Creatures (collateral kills)
  A spriggan (D:7)
  An orc warrior (D:8)
  A phantom (D:4)
  An electric eel (D:9)
  A centaur zombie (D:6)
  An orc wizard (D:8)
  A bullfrog skeleton (D:5)
  An iguana (D:7)
  A worker ant (D:7)
  A howler monkey skeleton (D:4)
  A leopard gecko (D:7)
  2 orcs
  A jackal (D:6)
  2 kobolds (D:8)
16 creatures vanquished.

Vanquished Creatures (others)
  3 slaves (D:8)
3 creatures vanquished.

Grand Total: 167 creatures vanquished

Notes
Turn   | Place    | Note
-------+----------+-------------------------------------------
     0 | D:1      | Kloppie the Ghoul Fighter began the quest for the Orb.
     0 | D:1      | Reached XP level 1. HP: 19/19 MP: 0/0
    92 | D:1      | Reached XP level 2. HP: 22/26 MP: 1/1
   305 | D:1      | Reached skill level 3 in Unarmed Combat
   716 | D:2      | Found an opulent altar of Gozag.
   730 | D:2      | Found Gozag's Platinum Reserve.
   807 | D:2      | Reached XP level 3. HP: 27/33 MP: 2/2
   856 | D:2      | Noticed Sigmund
   868 | D:2      | Killed Sigmund
   868 | D:2      | Reached skill level 5 in Fighting
   868 | D:2      | Reached skill level 4 in Unarmed Combat
   868 | D:2      | Reached XP level 4. HP: 32/42 MP: 3/3
   868 | D:2      | Reached XP level 5. HP: 37/48 MP: 4/4
  1025 | D:2      | Reached skill level 5 in Unarmed Combat
  1295 | D:3      | Reached XP level 6. HP: 55/56 MP: 5/5
  1431 | D:3      | Noticed Robin
  1447 | D:3      | Killed Robin
  1478 | D:3      | Got a translucent helmet
  1489 | D:3      | Identified the cursed +0 helmet of Wrong Decisions {Str+4} (You took it off Robin on level 3 of the Dungeon)
  2239 | D:4      | Found a hazy altar of Hepliaklqana.
  2337 | D:4      | Reached XP level 7. HP: 61/61 MP: 6/6
  2381 | D:4      | Became a worshipper of Hepliaklqana the Forgotten
  2432 | D:4      | Reached skill level 6 in Unarmed Combat
  3086 | D:5      | Entered Level 5 of the Dungeon
  3098 | D:5      | Found Siwkub's General Store.
  3108 | D:5      | Bought a potion of curing for 36 gold pieces
  3108 | D:5      | Bought a scroll of identify for 24 gold pieces
  3108 | D:5      | Bought a scroll of identify for 24 gold pieces
  3108 | D:5      | Bought a scroll of teleportation for 36 gold pieces
  3108 | D:5      | Bought a scroll of teleportation for 36 gold pieces
  3143 | D:5      | Found Atzifuf's Food Shoppe.
  3210 | D:5      | Noticed Heedrag's ghost (novice VSTm)
  3217 | D:5      | Killed Heedrag's ghost
  3217 | D:5      | Reached skill level 7 in Unarmed Combat
  3217 | D:5      | Reached XP level 8. HP: 60/62 MP: 7/7
  3263 | D:5      | Reached * piety under Hepliaklqana
  3284 | D:5      | Found a staircase to the Ecumenical Temple.
  3327 | D:5      | Reached skill level 5 in Armour
  3417 | D:5      | Found Oshruuxos's Assorted Antiques.
  3426 | D:5      | Bought an inky potion for 24 gold pieces
  3426 | D:5      | Bought a grey potion for 24 gold pieces
  3872 | D:6      | Reached skill level 8 in Unarmed Combat
  4247 | D:6      | Found a white marble altar of Elyvilon.
  4265 | D:6      | Reached skill level 9 in Unarmed Combat
  4265 | D:6      | Reached XP level 9. HP: 57/66 MP: 8/8
  4385 | D:6      | Reached ** piety under Hepliaklqana
  4386 | D:6      | Remembered your ancestor Octavia as a knight
  5231 | D:8      | Found a shattered altar of Ashenzari.
  5235 | D:8      | Reached skill level 10 in Unarmed Combat
  5285 | D:8      | Reached *** piety under Hepliaklqana
  5299 | D:8      | Found a staircase to the Lair.
  5420 | D:8      | Noticed Pikel
  5441 | D:8      | Killed Pikel
  5441 | D:8      | Reached XP level 10. HP: 37/79 MP: 9/9
  5731 | D:8      | Found Sim Wolueng's Book Emporium.
  5752 | D:8      | Found an ancient bone altar of Kikubaaqudgha.
  5752 | D:8      | Found a blossoming altar of Fedhas.
  5774 | D:8      | Reached skill level 11 in Unarmed Combat
  5967 | D:8      | Noticed Peloso's ghost (novice MiFi)
  5986 | D:8      | Killed Peloso's ghost
  5996 | D:9      | Killed from afar by an electric eel

Skill      XL: |  1  2  3  4  5  6  7  8  9 10 |
---------------+-------------------------------+-----
Unarmed Combat | 3 4 5 7 9 10 11 | 11.5
Fighting       | 5 7 8 |  8.7
Armour         | 3 4 6 7 |  7.3
Shields        | |  2.6

Action                   |  1- 3 |  4- 6 |  7- 9 | 10-12 || total
-------------------------+-------+-------+-------+-------++-------
Melee: Unarmed           |    59 |   173 |   268 |    48 ||   548
       Punch             |       |     2 |     7 |     3 ||    12
Invok: Recall Ancestor   |       |       |     2 |       ||     2
       Ancestor Life: Kn |       |       |     1 |       ||     1
  Use: Potion            |     1 |       |       |       ||     1
       Scroll            |       |     7 |    10 |     3 ||    20
  Eat: Chunk             |     1 |     3 |    10 |     2 ||    16
Armor: Scale mail        |    20 |    14 |       |       ||    34
       Plate armour      |       |    75 |   144 |    18 ||   237
Dodge: Dodged            |    21 |    46 |    79 |     7 ||   153
